 Dungeon Crawl Stone Soup version 0.21-a0-216-g6d3fd91 (webtiles) character file.

149 polean the Twirler (level 5, -6/39 HPs)
             Began as a Human Wanderer on Aug 24, 2017.
             Killed by nerve-wracking pain
             ... invoked by an orc priest
              (11 damage)
             ... on level 3 of the Dungeon.
             The game lasted 00:10:37 (1631 turns).

polean the Twirler (Human Wanderer)                 Turns: 1631, Time: 00:10:37

Health: -6/39      AC:  8    Str: 13    XL:     5   Next: 56%
Magic:  5/5        EV:  5    Int: 14    God:
Gold:   169        SH:  0    Dex: 11    Spells: 4/4 levels left

rFire    . . .     SeeInvis .   a - +2 quarterstaff
rCold    . . .     Gourm    .   (shield currently unavailable)
rNeg     . . .     Faith    .   i - +0 chain mail
rPois    .         Spirit   .   (no helmet)
rElec    .         Reflect  .   (no cloak)
rCorr    .         Harm     .   (no gloves)
MR       .....                  (no boots)
Stlth    ..........             (no amulet)
HPRegen  0.13/turn              (no ring)
MPRegen  0.09/turn              (no ring)

@: very slightly contaminated, hasted, invisible, very quick
A: no striking features
a: no special abilities


You were on level 3 of the Dungeon.
You were not hungry.

You visited 1 branch of the dungeon, and saw 3 of its levels.

You collected 169 gold pieces.

Inventory:

Hand Weapons
 a - a +2 quarterstaff (weapon)
Armour
 i - a +0 chain mail (worn)
Wands
 j - a wand of digging (16/24)
Scrolls
 e - 3 scrolls of teleportation
 h - a scroll of fear
Potions
 b - 2 potions of lignification
Comestibles
 c - 2 meat rations
 d - 4 bread rations
 f - 2 chunks of flesh


   Skills:
 + Level 2.5 Fighting
   Level 1.0 Axes
 + Level 4.4 Staves
 + Level 2.1 Throwing
 + Level 2.6 Armour
 * Level 1.3 Stealth
   Level 1.0 Shields
 + Level 1.0 Evocations


You had 4 spell levels left.
You didn't know any spells.

Dungeon Overview and Level Annotations

Branches:
Dungeon (3/15)

Altars:


Message History

Beogh smites you! The goblin hits you but does no damage.
You hit the orc priest.
The orc priest is heavily wounded.
The orc priest mumbles some strange prayers to Beogh against you.
Beogh smites you!
* * * LOW HITPOINT WARNING * * *
You are too injured to fight recklessly!
You are too injured to fight recklessly!
You hit the orc priest but do no damage.
The orc priest is heavily wounded.
The goblin hits you but does no damage.
The orc priest hits you but does no damage.
You fade into invisibility!
The goblin hits you but does no damage.
You are very lightly contaminated with residual magic.
You hit the orc priest but do no damage.
The orc priest is heavily wounded.
The orc priest calls down the wrath of Beogh upon you.
Pain shoots through your body!
You die...

............#####.###
#######.###.......#
........# #########
#######.#######
#......... #..#######
#......... #.)#######
#(@# #go.......
#r##....## ..# .....#
#(( ..... #.. ....#
### ..## ...


You could see an orc priest, a goblin and a rat.

Vanquished Creatures
  An orc wizard (D:3)
  7 adders
  An ooze (D:1)
  2 worms (D:2)
  A dart slug (D:1)
  2 orcs (D:3)
  2 ball pythons (D:1)
  2 giant cockroaches
  2 goblins (D:2)
  3 hobgoblins
  2 jackals (D:2)
  5 kobolds
  2 quokkas
  11 bats
  3 frilled lizards
  10 rats
56 creatures vanquished.

Notes
Turn   | Place    | Note
-------+----------+-------------------------------------------
     0 | D:1      | polean the Human Wanderer began the quest for the Orb.
     0 | D:1      | polean set off with: a +2 quarterstaff, a potion of lignification, a +0 ring mail, a bread ration
     0 | D:1      | Reached XP level 1. HP: 16/16 MP: 1/1
    37 | D:1      | Reached XP level 2. HP: 17/22 MP: 2/2
   414 | D:1      | Reached XP level 3. HP: 28/28 MP: 3/3
  1139 | D:2      | Reached skill level 1 in Stealth
  1139 | D:2      | Reached XP level 4. HP: 34/34 MP: 4/4
  1168 | D:2      | Reached skill level 1 in Throwing
  1173 | D:2      | Reached skill level 4 in Staves
  1371 | D:2      | Reached XP level 5. HP: 36/39 MP: 5/5
  1631 | D:3      | Killed from afar by an orc priest

Vault maps used:
D:1:      dpeg_arrival_ternary, hangedman_feature_mirror, minmay_bisected
D:2:      first_bread
D:3:      uniq_terence, uniq_crazy_yiuf_cottage

Skill      XL: |  1  2  3  4  5 |
---------------+----------------+-----
Stealth        | 1 |  1.3
Throwing       | 1 2 |  2.1
Staves         | 4 |  4.4
Fighting       | |  2.5
Axes           | |  1.0
Armour         | |  2.6
Shields        | |  1.0
Evocations     | |  1.0

Action                   |  1- 3 |  4- 6 || total
-------------------------+-------+-------++-------
Melee: Quarterstaff      |    63 |    44 ||   107
Throw: Javelin           |    25 |    22 ||    47
  Use: Scroll            |     5 |     1 ||     6
       Potion            |     2 |     4 ||     6
  Eat: Chunk             |     1 |     1 ||     2
Armor: Ring mail         |    35 |    12 ||    47
       Chain mail        |       |    16 ||    16
Dodge: Dodged            |    46 |    23 ||    69

Table legend:
 A = Spawn XP
 B = Non-spawn XP
 C = Spawn XP percentage of total XP
 D = Spawn monster count
 E = Non-spawn monster count
 F = Spawn count percentage of total count
 G = Total turns spent on level
                    A         B        C        D         E        F      G
               +---------+---------+-------+---------+---------+-------+---------
         Total |      22 |     191 |  10.3 |       4 |      52 |   7.1 |  1631
               +---------+---------+-------+---------+---------+-------+---------
           D:1 |       9 |      30 |  23.1 |       3 |      21 |  12.5 |   816
           D:2 |      13 |      92 |  12.4 |       1 |      25 |   3.8 |   666
           D:3 |       0 |      69 |   0.0 |       0 |       6 |   0.0 |   149
               +---------+---------+-------+---------+---------+-------+---------
